 Dungeon Crawl Stone Soup version 0.31-a0-426-g3a05650e59 (webtiles) character file.

Game seed: 17852034874984924789

2827 Ofeo the Trooper (level 9, 0/73 HPs)
             Began as a Demonspawn Shapeshifter on July 30, 2023.
             Succumbed to an orc wizard's poison
             ... on level 7 of the Dungeon.
             The game lasted 00:09:49 (8193 turns).

Ofeo the Trooper (Demonspawn Shapeshifter)          Turns: 8193, Time: 00:09:50

Health: 0/73       AC:  7    Str: 16    XL:     9   Next: 45%
Magic:  5/9        EV: 18    Int: 11    God:
Gold:   325        SH:  0    Dex: 19    Spells: 8/8 levels left

rFire   . . .        j - +2 whip (drain)
rCold   + . .        (no shield)
rNeg    . . .        r - +1 scale mail {rC+}
rPois   +            (helmet currently unavailable)
rElec   +            (cloak currently unavailable)
rCorr   .            (gloves currently unavailable)
SInv    .            (boots currently unavailable)
Will    .....        b - amulet of Seadarph {Spirit +Blink rElec Str-2 Dex+5} Stlth
                     d - ring of poison resistance
HPRegen 0.32/turn    v - +5 ring of evasion
MPRegen 0.11/turn

%: guardian spirit
@: lethally poisoned (0 -> -8), beast-form, marked, invisible
A: beast (slay +4), antennae 2, hooves 2, condensation shield, demonic magic 2
a: Begin Untransformation, Evoke Blink


You were on level 7 of the Dungeon.
You were a hulking beast.
You visited 1 branch of the dungeon, and saw 7 of its levels.
You also visited: Sewer.

You collected 325 gold pieces.

Inventory:

Hand Weapons
 a - a +0 dagger of venom
 j - a +2 whip of draining (weapon)
Missiles
 h - 4 silver javelins
 s - 2 throwing nets
Armour
 q - an orb of energy
 r - a +1 scale mail of cold resistance (worn)
Jewellery
 b - the amulet of Seadarph (around neck) {Spirit +Blink rElec Str-2 Dex+5}
   (You acquired it on level 3 of the Dungeon)

   [amulet of guardian spirit]

   It causes incoming damage to be divided between your reserves of health and
   magic.
   Str:       It affects your strength (-2).
   Dex:       It affects your dexterity (+5).
   rElec:     It insulates you from electricity.
   +Blink:    It lets you blink.
 d - a ring of poison resistance (left hand)
 p - a ring of resist corrosion
 v - a +5 ring of evasion (right hand)
Talismans
 c - a beast talisman (active)
Wands
 l - a wand of roots (3)
Scrolls
 g - 3 scrolls of amnesia
 i - 4 scrolls of identify {@r1}
 k - 2 scrolls of teleportation {@r3}
 m - a scroll of blinking {@r4}
 t - 2 scrolls of revelation
Potions
 e - a potion of degeneration
 f - a potion of enlightenment


   Skills:
 + Level 7.6 Fighting
 + Level 7.1 Dodging
 - Level 2.7 Unarmed Combat
 + Level 6.3 Shapeshifting


You had 8 spell levels left.
You didn't know any spells.
Your spell library contained the following spells:

 Spells                   Type           Power      Damage    Failure   Level
 Cigotuvi's Dreadful Rot  Necr/Pois/Air  0%         N/A       90%         2
 Dispel Undead            Necr           0%         3d6       100%        4
 Death Channel            Necr           0%         N/A       100%        6


Dungeon Overview and Level Annotations

Branches:
Dungeon (7/15)             Temple (0/1) D:7           Sewer (visited)

Altars:
Cheibriados
Nemelex Xobeh
Sif Muna
Uskayaw


Innate Abilities, Weirdness & Mutations

You are a hulking beast.
Your limbs bulge with bestial killing power. (Slay +4)
You have a pair of antennae on your head.
You have hoof-like feet.
A meltable shield of frost defends you. (SH +0)
Spells you cast may paralyse nearby enemies.


Message History

You take 4 damage, and have 9/73 hp.
You closely miss the orc. Something barely misses you.
The orc completely misses you. The orc warrior barely misses you.
The orc completely misses you. Something hits you but does no damage.
You barely miss the orc. Something hits you but does no damage.
The orc misses you. The orc warrior barely misses you.
The orc hits you with a +0 dagger.
* * * LOW HITPOINT WARNING * * *
You hear some strange, mumbled words.
A puff of flame appears from out of thin air!
The puff of flame hits you.
* * * LOW HITPOINT WARNING * * *
You take 5 damage, and have 4/73 hp.
You now have 1/9 mp.
Magic courses through your body. Something hits you but does no damage.
The orc warrior hits you but does no damage.
The orc misses you. The orc completely misses you. Something hits you.
* * * LOW HITPOINT WARNING * * *
You take 1 damage, and have 3/73 hp.
You regained 7 mp, and now have 8/9 mp.
You fade into invisibility!
You hear some strange, mumbled words.
A puff of flame appears from out of thin air!
The puff of flame misses you. The orc hits you but does no damage.
The orc warrior closely misses you. The orc hits you but does no damage.
Something hits you.
You hit the orc. You drain the orc.
You kill the orc!
Something hits you.
* * * LOW HITPOINT WARNING * * *
A phantom comes into view.
The orc warrior misses you. The orc hits you with a +0 short sword.
Something hits you but does no damage.
You now have 5/9 mp.
Something hits you but does no damage.
You are lethally poisoned!
The orc completely misses you.
Things that are here:
a +0 dagger; a +0 leather armour; a +0 mace You closely miss the orc warrior.
Your punch misses the orc warrior.
The orc warrior is moderately wounded.
You die...

##########
#........#
#........#
#......oh#
#....
#......{o#
#....
#.......{#
#....
#........#
#####....
#.........
.........
#..........
.........
#..........
.........
#W..........
.........
.....######
##+#####'#


You could see an orc warrior (unable to see you, drained), a phantom (unable to
see you) and an orc (unable to see you).

Vanquished Creatures
  2 gargoyles (D:7)
  An orc warrior (D:6)
  Pargi (Sewer)
  A black bear (D:4)
  2 ogres
  A centaur (D:7)
  3 phantoms (D:6)
  A kobold brigand (D:6)
  2 scorpions (D:6)
  4 killer bees (D:6)
  A howler monkey (D:6)
  2 hounds (D:4)
  7 orc priests
  2 jellies
  3 gnoll boudas
  2 sleepcaps
  6 iguanas
  3 orc wizards
  A mummy (D:5)
  15 gnolls
  8 adders
  An ufetubus (D:6)
  3 worms
  3 dart slugs
  18 orcs
  5 ball pythons
  9 bats
  10 endoplasms
  6 giant cockroaches
  10 goblins
  5 hobgoblins
  4 jackals (D:2)
  5 quokkas
  4 frilled lizards
  23 kobolds
  3 rats
177 creatures vanquished.

Notes
Turn   | Place    | Note
-------+----------+-------------------------------------------
     0 | D:1      | Ofeo the Demonspawn Shapeshifter began the quest for the
                  | Orb.
     0 | D:1      | Reached XP level 1. HP: 15/15 MP: 1/1
   143 | D:1      | Discovered your monstrous ancestry.
   143 | D:1      | Gained mutation: You have large cloven feet. [demonic
                  | ancestry]
   143 | D:1      | Reached XP level 2. HP: 21/21 MP: 2/2
  1604 | D:2      | Gained mutation: A meltable shield of frost defends you.
                  | (SH +0) [demonic ancestry]
  1604 | D:2      | Reached XP level 3. HP: 27/27 MP: 3/3
  2688 | D:3      | Gained mutation: You have hoof-like feet. [demonic
                  | ancestry]
  2688 | D:3      | Reached XP level 4. HP: 34/34 MP: 4/4
  2935 | D:3      | Reached XP level 5. HP: 14/40 MP: 5/5
  2941 | D:3      | Identified a scroll of acquirement
  2941 | D:3      | Acquired the amulet of Seadarph {Spirit +Blink rElec Str-2
                  | Dex+5}
  3875 | D:4      | Gained mutation: You have a pair of small antennae on your
                  | head. [demonic ancestry]
  3875 | D:4      | Reached XP level 6. HP: 47/47 MP: 6/6
  4427 | D:4      | Found a hide-covered altar of Uskayaw.
  4676 | D:5      | Entered Level 5 of the Dungeon
  4941 | D:5      | Gained mutation: Spells you cast may paralyse adjacent
                  | enemies. [demonic ancestry]
  4941 | D:5      | Reached XP level 7. HP: 50/55 MP: 7/7
  5336 | D:5      | Reached skill level 5 in Fighting
  5612 | D:5      | Found a snail-covered altar of Cheibriados.
  5896 | D:5      | Found a sparkling altar of Nemelex Xobeh.
  6018 | D:6      | Reached skill level 5 in Dodging
  6018 | D:6      | Gained mutation: You have a pair of antennae on your head.
                  | [demonic ancestry]
  6018 | D:6      | Reached XP level 8. HP: 46/62 MP: 6/8
  6037 | D:6      | Found a glowing drain.
  6078 | Sewer    | Entered a sewer
  6140 | Sewer    | Noticed Pargi
  6145 | Sewer    | Killed Pargi
  6146 | Sewer    | Reached skill level 5 in Shapeshifting
  6456 | D:6      | Found a shimmering blue altar of Sif Muna.
  7319 | D:6      | Gained mutation: Spells you cast may paralyse nearby
                  | enemies. [demonic ancestry]
  7319 | D:6      | Reached XP level 9. HP: 27/71 MP: 4/9
  7583 | D:7      | Found a staircase to the Ecumenical Temple.
  7743 | D:7      | Noticed a gargoyle
  7752 | D:7      | Killed a gargoyle
  7815 | D:7      | Noticed a gargoyle
  7833 | D:7      | Killed a gargoyle
  7850 | D:7      | Noticed a gargoyle
  8161 | D:7      | Noticed a gargoyle
  8189 | D:7      | HP: 3/73 [something (1)]
  8193 | D:7      | Succumbed to an orc wizard's poison

Illustrated notes

Levels and vault maps discovered:
D:1:      wheals_arrival_shading, layout_basic, minmay_circled_x
D:2:      layout_basic, st_stairs_8
D:3:      layout_loops_corners
D:4:      layout_basic, nicolae_uskayaw_suspiria, st_stairs_11,
          serial_bayou_ford_a, minivault_1
D:5:      layout_cave_pools, mainiacjoe_overflow_brackets, slow_altar_1,
          minmay_misc_feat_doors
D:6:      layout_loops_ring, mainiacjoe_overflow_cross_hatched,
          gup_sewer_entry_glass
D:7:      cheibrodos_statue_roulette, layout_gridville,
          minmay_temple_entry_poolview, nicolae_shop_fire_sale
          [nicolae_sub_dead_trees]

Skill      XL: |  1  2  3  4  5  6  7  8  9 |
---------------+----------------------------+-----
Dodging        | 2 3 4 5 6 7 |  7.1
Shapeshifting  | 3 4 5 6 |  6.3
Fighting       | 2 3 4 5 6 7 |  7.6
Unarmed Combat | |  2.7

Action                     |  1- 3 |  4- 6 |  7- 9 || total
---------------------------+-------+-------+-------++-------
  Melee: Unarmed           |    31 |       |       ||    31
         Whip              |    65 |   112 |   255 ||   432
         Kick              |     9 |    33 |    86 ||   128
         Punch             |       |     2 |     6 ||     8
    Use: Potion            |     1 |     3 |     5 ||     9
         Scroll            |       |     7 |     6 ||    13
   Stab: Sleeping          |     3 |       |       ||     3
 Armour: Skin              |    17 |       |       ||    17
         Animal skin       |    13 |       |       ||    13
         Scale mail        |       |    17 |    65 ||    82
  Dodge: Dodged            |    44 |    77 |   263 ||   384
  Block: Other             |     6 |    17 |    48 ||    71

Table legend: (Time is in decaauts)
 A = Elapsed time spent in this place.
 B = Non-inter-level travel time spent in this place.
 C = Inter-level travel time spent in this place.
 D = Time resting spent in this place.
 E = Time spent auto-exploring this place.
 F = Levels seen in this place.
 G = Mean time per level.
                   A        B        C        D        E       F      G
               +--------+--------+--------+--------+--------+-----+--------+
         Total |   8269 |   8044 |    225 |    883 |   5880 |   8 | 1033.6 |
       Dungeon |   8089 |   7864 |    225 |    883 |   5749 |   7 | 1155.6 |
         Sewer |    180 |    180 |      0 |      0 |    131 |   1 |  180.0 |
               +--------+--------+--------+--------+--------+-----+--------+

Top non-repeatable levels by time:
     D:1: 1581 daAuts
     D:4: 1546 daAuts
     D:6: 1309 daAuts
     D:3: 1150 daAuts
     D:5: 899 daAuts
     D:2: 850 daAuts
     D:7: 752 daAuts
   Sewer: 180 daAuts
